Description

14 pylon (chrono nexus when done) 16 gateway - scout 17 gas 20 nexus 20 cybernetics core 21 gas 22 pylon 23 adept 25 stargate 26 warpgate 2nd adept nexus chrono phoenix (chrono) 3:00 scout zerg with adept 41 oracle (chrono) 3:20 2x gas 46 robo 48/4:00 twilight council 52 3x gateway 4:30 warp prism, chrono zealot to block, charge 4:40 templar archives 5:00 pylon, nexus 4x high templars, shield battery morph 2 archons observer 5:30 attack w/ archons warp in zealots immortal +1 attack 6:30 2x gateway 2x gas macro

This build may be outdated. It is from 2018.

Build Order

Get SALT Encoding   

  14  0:16  Pylon chrono nexus once when done  
  16  0:38  Gateway  
  17  0:50  Assimilator  
  20  1:24  Nexus build with mineral miner  
  20  1:34  Cybernetics Core  
  21  1:45  Assimilator  
  22  1:56  Pylon  
  23  2:11  Adept (Chrono Boost)  
  25  2:15  Stargate  
  26  2:24  Warp Gate  
  26  2:35  Adept shade across map  
  34  2:59  Phoenix (Chrono Boost)  
  41  3:15  Oracle  
  43  3:20  Assimilator 3:20  
  44  3:22  Assimilator  
  46  3:43  Robotics Facility  
  48  3:50  Twilight Council 4:00 mins  
  52  4:17  Gateway x3  
  52  4:18  Gateway  
  53  4:19  Gateway  
  54  4:30  Warp Prism  
  56  4:34  Zealot  
  58  4:35  Charge  
  58  4:39  Templar Archives  
  59  4:56  Nexus  
  59  4:58  Pylon  
Spawning Tool Build Advisor. Get it on Overwolf

Go to:

Details

  • Created by: milftank
  • Published on: May 29, 2020
  • Modified on: May 29, 2020
  • Patch: 4.7.1
  • Difficulty: Hard
Show
View Real Time Build Order
Export as new Build Order

Comments (0)

There are no comments. Be the first!

Create an account to comment!